 Dungeon Crawl Stone Soup version 0.23-a0-396-g5214e5f (webtiles) character file.

3263 rabbitfr the Covert (level 9, -1/44 HPs)
             Began as a Spriggan Enchanter on Nov 2, 2018.
             Was an Initiate of Gozag.
             Slain by a six-headed hydra (14 damage)
             ... on level 8 of the Dungeon.
             The game lasted 00:56:10 (13668 turns).

rabbitfr the Covert (Spriggan Enchanter)           Turns: 13668, Time: 00:56:11

Health: -1/44      AC:  4    Str:  4    XL:     9   Next: 68%
Magic:  10/22      EV: 23    Int: 22    God:    Gozag
Gold:   547        SH:  0    Dex: 19    Spells: 17/25 levels left

rFire    . . .     SeeInvis +   a - +2 dagger (drain)
rCold    + . .     Gourm    .   (shield restricted)
rNeg     . . .     Faith    .   c - +2 robe {MR+}
rPois    .         Spirit   .   (helmet restricted)
rElec    +         Reflect  .   (no cloak)
rCorr    .         Harm     .   (gloves unavailable)
MR       ++...                  (boots unavailable)
Stlth    +++++.....             (no amulet)
HPRegen  0.14/turn              K - ring of Guud {rElec rC+ Int+3 Dex+2}
MPRegen  0.18/turn              I - +3 ring of slaying

@: very slightly contaminated, very quick
A: very small, unfitting armour, see invisible, herbivore, speed 3, slow
metabolism 2
a: Potion Petition, Call Merchant, Bribe Branch, Renounce Religion


You were on level 8 of the Dungeon.
You worshipped Gozag.
Gozag was pleased with you.
You were not hungry.

You visited 2 branches of the dungeon, and saw 9 of its levels.

You collected 641 gold pieces.
You paid 94 gold pieces to Gozag.

Inventory:

Hand Weapons
 a - a +2 dagger of draining (weapon)
 b - a +1 hunting sling
 j - a +0 whip
 k - a +2 whip of pain
 C - a +1 dagger
 F - a +0 dagger of holy wrath
 G - a +1 dagger of freezing
 M - a +0 whip of electrocution
Missiles
 h - 270 stones (quivered)
 l - 21 sling bullets
 o - 46 poisoned needles
 q - 43 bolts
Armour
 c - a +2 robe of magic resistance (worn)
Jewellery
 e - an uncursed ring of fire
 p - an uncursed ring of wizardry
 r - an uncursed amulet of guardian spirit
 s - a +5 ring of strength
 t - an uncursed ring of protection from magic
 I - a +3 ring of slaying (right hand)
 K - the ring of Guud (left hand) {rElec rC+ Int+3 Dex+2}
   (You found it on level 7 of the Dungeon)

   [ring of protection from cold]

   It affects your intelligence (+3).
   It affects your dexterity (+2).
   It protects you from cold.
   It insulates you from electricity.
Wands
 n - a wand of paralysis (10)
 z - a wand of iceblast (4)
 A - a wand of polymorph (9)
 J - a wand of flame (22)
 L - a wand of disintegration (12)
Scrolls
 f - 3 scrolls of amnesia
 m - 2 scrolls of teleportation
 u - 4 scrolls of identify
 y - a scroll of blinking
 B - 2 scrolls of remove curse
 E - a scroll of magic mapping
Potions
 g - a potion of agility {unknown}
 i - 2 potions of magic {unknown}
 v - a potion of ambrosia {unknown}
 w - 3 potions of brilliance {unknown}
 x - 4 potions of curing {unknown}
 D - a potion of might {unknown}
 H - a potion of haste
Comestibles
 d - 10 rations


   Skills:
 + Level 3.4 Fighting
 * Level 6.2 Short Blades
 - Level 0.8 Slings
 + Level 6.8 Dodging
 * Level 10.2 Stealth
 - Level 8.7 Spellcasting
 - Level 7.8 Hexes


You had 17 spell levels left.
You knew the following spells:

 Your Spells              Type           Power        Failure   Level  Hunger
a - Tukima's Dance        Hex            #####...     1%          3    None
b - Ensorcelled Hibernat  Hex/Ice        ####..       1%          2    None
c - Confuse               Hex            #####...     1%          3    None

Your spell library contained the following spells:

 Spells                   Type           Power        Failure   Level  Hunger
 Corona                   Hex            #####..      1%          1    None
 Dazzling Spray           Conj/Hex       ####..       4%          3    None


Dungeon Overview and Level Annotations

Branches:
Dungeon (8/15)             Temple (1/1) D:6            Lair (0/6) D:8

Altars:
Ashenzari
Cheibriados
Dithmenos
Elyvilon
Fedhas
Gozag
Hepliaklqana
Kikubaaqudgha
Makhleb
Nemelex Xobeh
Okawaru
Qazlal
Ru
Sif Muna
Trog
Uskayaw
Vehumet
Wu Jian
Xom
Yredelemnul
Zin
The Shining One

Annotations:
D:8 Gastronok


Innate Abilities, Weirdness & Mutations

You are very small and have problems with some larger weapons.
You are too small for most types of armour.
You have supernaturally acute eyesight. (SInv)
You are a herbivore.
You cover ground extremely quickly.
You need to consume almost no food.


Message History

Confirm with . or Enter, or press ? or * to list all spells.
Aiming: Confuse (safe; 1% risk of failure)
Press: ? - help, Shift-Dir - straight line, f/p - six-headed hydra
Aim: a six-headed hydra (chance to defeat MR: 34%)
The six-headed hydra easily resists.
The six-headed hydra misses you. The six-headed hydra bites you!
The six-headed hydra closely misses you.
The six-headed hydra bites you!
* * * LOW HITPOINT WARNING * * *
The six-headed hydra misses you. x2
Casting: Confuse (safe; 1% risk of failure)
Confirm with . or Enter, or press ? or * to list all spells.
Aiming: Confuse (safe; 1% risk of failure)
Press: ? - help, Shift-Dir - straight line, f/p - six-headed hydra
Aim: a six-headed hydra (chance to defeat MR: 34%)
The six-headed hydra easily resists.
The six-headed hydra closely misses you.
The six-headed hydra bites you!
You die...
Your body crumbles into a pile of gold.

##...#.###############.....#..#
.........)....................#
......######....######Y...#(..#
......#)........#|............###
......#.........#......##........
......#.........#......##.....#
......#.........#.............# #
......#.........#D.?.#....#...# #
................@........ #...###
>.................##.... #...##.
..................##.... #...###
...... .............. #...###
####....#....######......
...................####
....##..(...........#### o...
#....$.....9...(...
................(.).


You could see a six-headed hydra, an ice beast (sleeping) and an orc (sleeping).

Vanquished Creatures
  An unseen horror (D:8)
  Pikel (D:7)
  Sigmund (D:6)
  2 ice beasts (D:7)
  2 orc warriors (D:7)
  A slave (D:7)
  2 phantoms
  2 ogres
  3 centaurs
  3 bullfrogs
  A scorpion (D:4)
  A howler monkey (D:5)
  A crimson imp (D:5)
  3 jellies
  A bullfrog skeleton (D:5)
  3 orc priests
  2 hounds
  Ijyb (D:3)
  2 iguanas
  5 orc wizards
  3 worker ants
  A killer bee zombie (D:4)
  A hound zombie (D:6)
  2 hound skeletons
  10 adders
  3 gnolls (D:3)
  An ooze (D:5)
  An adder zombie (D:5)
  3 worms
  2 dart slugs
  4 leopard geckos
  29 orcs
  3 ball pythons
  5 giant cockroaches
  11 hobgoblins
  5 jackals
  3 kobolds
  2 quokkas
  6 bats
  3 frilled lizards
  10 goblins
  7 rats
153 creatures vanquished.

Vanquished Creatures (others)
  An orc (D:7)
  A giant cockroach (D:7)
  A quokka (D:6)
3 creatures vanquished.

Grand Total: 156 creatures vanquished

Notes
Turn   | Place    | Note
-------+----------+-------------------------------------------
     0 | D:1      | rabbitfr the Spriggan Enchanter began the quest for the
                  | Orb.
     0 | D:1      | Reached XP level 1. HP: 9/9 MP: 5/5
   334 | D:1      | Reached XP level 2. HP: 13/13 MP: 6/6
  1809 | D:2      | Reached skill level 1 in Fighting
  2142 | D:2      | Reached skill level 5 in Stealth
  2142 | D:2      | Reached XP level 3. HP: 11/18 MP: 8/8
  2146 | D:2      | Learned a level 2 spell: Ensorcelled Hibernation
  2150 | D:2      | Learned a level 3 spell: Confuse
  3329 | D:2      | Reached XP level 4. HP: 22/22 MP: 9/9
  4121 | D:3      | Noticed Ijyb
  4796 | D:3      | Learned a level 3 spell: Tukima's Dance
  5434 | D:3      | Killed Ijyb
  5434 | D:3      | Reached XP level 5. HP: 25/25 MP: 0/11
  6488 | D:4      | Reached skill level 5 in Hexes
  6690 | D:4      | Noticed an ogre
  6721 | D:4      | Killed an ogre
  6721 | D:4      | Reached skill level 5 in Spellcasting
  6721 | D:4      | Reached XP level 6. HP: 30/30 MP: 10/14
  7511 | D:5      | Entered Level 5 of the Dungeon
  8201 | D:5      | Reached XP level 7. HP: 20/33 MP: 13/16
 10273 | D:6      | Found a staircase to the Ecumenical Temple.
 10297 | Temple   | Entered the Ecumenical Temple
 10630 | Temple   | Became a worshipper of Gozag Ym Sagoz the Greedy
 10714 | D:6      | Found a white marble altar of Elyvilon.
 10808 | D:6      | Reached XP level 8. HP: 37/37 MP: 18/20
 10873 | D:6      | Found an ornate altar of the Wu Jian Council.
 10967 | D:6      | Noticed Sigmund
 10983 | D:6      | Killed Sigmund
 11111 | D:6      | Reached skill level 6 in Stealth
 11789 | D:7      | Noticed Pikel
 12343 | D:7      | Reached skill level 7 in Stealth
 12381 | D:7      | Reached skill level 5 in Dodging
 12463 | D:7      | Killed Pikel
 12463 | D:7      | Reached skill level 8 in Stealth
 12463 | D:7      | Reached XP level 9. HP: 43/43 MP: 17/22
 12647 | D:7      | Reached skill level 5 in Short Blades
 12647 | D:7      | Reached skill level 9 in Stealth
 13023 | D:7      | Got a steaming silver ring
 13025 | D:7      | Identified the ring of Guud {rElec rC+ Int+3 Dex+2} (You
                  | found it on level 7 of the Dungeon)
 13230 | D:8      | Noticed an unseen horror
 13230 | D:8      | Noticed Gastronok
 13290 | D:8      | Noticed a gargoyle
 13308 | D:8      | Killed an unseen horror
 13308 | D:8      | Reached skill level 10 in Stealth
 13311 | D:8      | HP: 2/44 [Gastronok/the air (13)]
 13629 | D:8      | Found a staircase to the Lair.
 13663 | D:8      | Noticed a six-headed hydra
 13668 | D:8      | Slain by a six-headed hydra

Vault maps used:
D:1:      evilmike_arrival_rings, serial_rivers, chequers_serial_rivers_micro_a,
          chequers_serial_rivers_micro_d, chequers_serial_rivers_micro_b,
          chequers_serial_rivers_micro_c
D:2:      minmay_pentomino_v4
D:3:      uniq_ijyb
D:5:      first_ration, gup_sewer_entry_bowl, minivault_5
D:6:      nicolae_overflow_hidden_temple, minmay_temple_entry_statues,
          elyvilon_altar_4, uniq_sigmund
D:7:      uniq_pikel
D:8:      minmay_cut_squares, lair_entry_dummy, uniq_gastronok, uniq_grum,
          uniq_harold
Temple:   regret_index_temple_sigil_plot

Skill      XL: |  1  2  3  4  5  6  7  8  9 |
---------------+----------------------------+-----
Fighting       | 1 2 3 |  3.4
Stealth        | 5 8 10 | 10.2
Spellcasting   | 3 5 7 8 |  8.7
Hexes          | 4 5 6 7 |  7.8
Short Blades   | 4 6 |  6.2
Dodging        | 5 6 |  6.8
Slings         | |  0.8

Action                   |  1- 3 |  4- 6 |  7- 9 || total
-------------------------+-------+-------+-------++-------
Melee: Dagger            |   120 |   103 |   147 ||   370
 Fire: Hunting sling     |   115 |   244 |   118 ||   477
 Cast: Corona            |     7 |       |       ||     7
       Ensorcelled Hiber |     4 |    12 |    64 ||    80
       Confuse           |       |     2 |    18 ||    20
Evoke: Wand              |       |       |     1 ||     1
  Use: Scroll            |     1 |     8 |     4 ||    13
       Potion            |       |     1 |       ||     1
 Stab: Sleeping          |     8 |     8 |    35 ||    51
       Confused          |       |     3 |    10 ||    13
  Eat: Ration            |       |     2 |     3 ||     5
Armor: Robe              |    18 |    18 |    11 ||    47
Dodge: Dodged            |   144 |   147 |   111 ||   402

Table legend:
 A = Non-vault XP
 B = Vault XP
 C = Vault XP percentage of total XP
 D = Non-vault monster count
 E = Vault monster count
 F = Vault count percentage of total count
                 A         B        C        D         E       F
            +---------+---------+-------+---------+---------+-------
      Total |    2990 |    1672 |  35.9 |     142 |      11 |   7.2
            +---------+---------+-------+---------+---------+-------
        D:1 |      35 |       0 |   0.0 |      14 |       0 |   0.0
        D:2 |      72 |      19 |  20.9 |      22 |       4 |  15.4
        D:3 |      81 |      36 |  30.8 |      22 |       1 |   4.3
        D:4 |     422 |       0 |   0.0 |      20 |       0 |   0.0
        D:5 |     673 |       4 |   0.6 |      30 |       2 |   6.2
        D:6 |     453 |     231 |  33.8 |       9 |       1 |  10.0
        D:7 |    1211 |     607 |  33.4 |      24 |       1 |   4.0
        D:8 |      43 |     775 |  94.7 |       1 |       2 |  66.7
            +---------+---------+-------+---------+---------+-------
